 Dungeon Crawl Stone Soup version 0.28.0-53-g5a82cb258f (webtiles) character file.

Game seed: 7341889504410679867

18081 Infinimo the Basher (level 12, -3/136 HPs)
             Began as an Ogre Gladiator on May 28, 2022.
             Was a High Priest of Okawaru.
             Slain by a slime creature (12 damage)
             ... on level 12 of the Dungeon.
             The game lasted 00:25:25 (20674 turns).

Infinimo the Basher (Ogre Gladiator)               Turns: 20674, Time: 00:25:26

Health: -3/136     AC: 10    Str: 31    XL:     12   Next: 54%
Magic:  12/12      EV: 11    Int: 15    God:    Okawaru [*****.]
Gold:   611        SH:  0    Dex: 10    Spells: 11/11 levels left

rFire   + . .      SeeInvis .   A - +2 eveningstar (holy)
rCold   + . .      Faith    .   (no shield)
rNeg    . . .      Spirit   .   v - +0 swamp dragon scales
rPois   +          Reflect  .   C - +0 hat "Daocaah" {rElec}
rElec   +          Harm     .   k - scarf {rC+ rF+}
rCorr   .          Rampage  .   (gloves unavailable)
Will    +....                   (boots unavailable)
Stlth   ..........              (no amulet)
HPRegen 0.32/turn               n - +6 ring of strength
MPRegen 0.13/turn               q - +6 ring of intelligence

@: about to teleport
A: large, unfitting armour, tough skin 1
a: Renounce Religion, Heroism, Finesse, Duel


You were on level 12 of the Dungeon.
You worshipped Okawaru.
Okawaru was extremely pleased with you.
You visited 2 branches of the dungeon, and saw 13 of its levels.

You collected 722 gold pieces.
You spent 111 gold pieces at shops.

Inventory:

Hand Weapons
 g - a +0 giant spiked club
 A - a +2 eveningstar of holy wrath (weapon)
Missiles
 d - 3 throwing nets (quivered)
 l - 17 poisoned darts
 m - 9 boomerangs
Armour
 k - a scarf of resistance (worn)
 v - +0 swamp dragon scales (worn)
 C - the +0 hat "Daocaah" (worn) {rElec}
   (Okawaru gifted it to you on level 8 of the Dungeon)

   rElec:     It insulates you from electricity.
Jewellery
 b - a +4 ring of slaying
 n - a +6 ring of strength (left hand)
 q - a +6 ring of intelligence (right hand)
 B - a +6 ring of intelligence
Wands
 t - a wand of polymorph (6)
 z - a wand of mindburst (1)
 D - a wand of digging (14)
Scrolls
 c - a scroll of summoning {unknown}
 p - a scroll of identify
 w - 2 scrolls of enchant weapon
 y - 2 scrolls of amnesia
Potions
 e - 5 potions of flight
 f - 6 potions of curing
 h - a potion of lignification
 i - a potion of invisibility {unknown}
 j - 2 potions of degeneration
 o - 2 potions of attraction
 r - 2 potions of brilliance
 s - a potion of heal wounds
 u - a potion of ambrosia {unknown}
 x - 3 potions of mutation


   Skills:
 + Level 13.4 Fighting
 * Level 13.5 Maces & Flails
 - Level 2.0 Throwing
 + Level 6.3 Armour
 - Level 6.7 Dodging


You had 11 spell levels left.
You didn't know any spells.
Your spell library contained the following spells:

 Spells                   Type           Power      Damage    Failure   Level
 Pain                     Necr           0%         1d4       36%         1
 Blink                    Tloc           0%         N/A       50%         2
 Sublimation of Blood     Necr           0%         N/A       50%         2
 Inner Flame              Hex/Fire       0%         N/A       73%         3
 Lesser Beckoning         Tloc           0%         N/A       73%         3
 Portal Projectile        Hex/Tloc       0%         N/A       73%         3
 Cause Fear               Hex            0%         N/A       98%         4
 Petrify                  Tmut/Erth      0%         N/A       98%         4
 Agony                    Necr           0%         N/A       100%        5
 Blade Hands              Tmut           0%         N/A       100%        5
 Excruciating Wounds      Necr           0%         N/A       100%        5
 Irradiate                Conj/Tmut      0%         3d13      100%        5
 Manifold Assault         Tloc           0%         N/A       100%        5
 Conjure Ball Lightning   Conj/Air       0%         3x3d6     100%        6
 Orb of Destruction       Conj           0%         9d5       100%        7
 Discord                  Hex            0%         N/A       100%        8
 Disjunction              Tloc           0%         N/A       100%        8
 Summon Guardian Golem    Hex/Summ       Unusable   N/A       N/A         3
 Spellforged Servitor     Conj/Summ      Unusable   N/A       N/A         7

Dungeon Overview and Level Annotations

Branches:
Dungeon (12/15)            Temple (0/1) D:5            Lair (1/6) D:11
    Orc (0/2) D:10

Altars:
Cheibriados
Hepliaklqana
Kikubaaqudgha
Makhleb
Nemelex Xobeh
Okawaru
Trog
Vehumet
Beogh

Shops:
D:6 *   D:8 (

Annotations:
D:12 3 runed translucent doors, Ornithology's ghost, journeyman TeAE


Innate Abilities, Weirdness & Mutations

You are too large for most types of armour.
You have tough skin. (AC +1)


Message History

The slime creature is heavily wounded.
The slime creature hits you!
A very large slime creature splits.
The centaur unwields a +0 shortbow.
The centaur hits you. The centaur closely misses you.
You puncture the centaur!
The centaur is heavily wounded.
The slime creature hits you! The centaur closely misses you. x2
The large slime creature hits you!!
You hit the centaur.
The centaur is heavily wounded.
The slime creature barely misses you. The centaur closely misses you.
The centaur barely misses you.
The slime creature hits you but does no damage.
The large slime creature barely misses you.
Unknown command.
You puncture the centaur!
You kill the centaur!
Okawaru accepts your kill. The slime creature closely misses you.
The slime creature hits you but does no damage.
The large slime creature hits you but does no damage.
As you read the scroll of teleportation, it crumbles to dust.
You feel strangely unstable. The slime creature hits you!
Something hits you but does no damage.
The orc wizard casts a spell.
The orc wizard flickers and vanishes!
The slime creature hits you but does no damage.
The large slime creature hits you!!
* * * LOW HITPOINT WARNING * * *
Unknown command.
Unknown command.
You puncture something! The slime creature hits you.
* * * LOW HITPOINT WARNING * * *
Something hits you but does no damage. The slime creature hits you!
* * * LOW HITPOINT WARNING * * *
Unknown command.
You miss something. The large slime creature hits you!
* * * LOW HITPOINT WARNING * * *
The slime creature hits you!
You die...

#...........#
#.#
###########.##
#.# #..# #.#
##.## #.#
#..###)#
##.)...#
#.....#
#..)..#
##.J@J# #.##J#
#..#{# ##..c.
..... .......
.........
..(........
............)


You could see a large slime creature, 2 slime creatures and a centaur.

Vanquished Creatures
  Josephine (D:12)
  A hydra (D:12)
  A centaur warrior (D:12)
  Harold (D:9)
  3 two-headed ogres
  Urug (D:11)
  The ghost of Esteco1 the Shield-Bearer, a novice MiFi of Dithmenos (D:7)
  An ugly thing (D:12)
  5 centaur zombies (D:10)
  Maurice (D:9)
  Joseph (D:7)
  A gargoyle (D:5)
  An unseen horror (D:11)
  Maggie (D:7)
  Psyche (D:8)
  A kobold demonologist (D:9)
  A troll (D:8)
  A slime creature (D:12)
  A vampire (D:10)
  10 wraiths
  4 shadows
  A basilisk (Lair:1)
  4 yaks
  3 wyverns
  A steam dragon (D:8)
  3 wargs (D:10)
  3 acid dragons
  A water moccasin (Lair:1)
  2 black bears
  4 orc warriors
  2 ice beasts
  A necrophage (D:4)
  A sky beast (D:5)
  2 ogres
  8 centaurs
  A kobold brigand (D:7)
  5 bullfrogs
  3 gnoll sergeants
  5 scorpions
  A water moccasin skeleton (D:5)
  9 killer bees
  14 wights
  2 electric eels
  10 howler monkeys
  4 hounds
  A gnoll shaman (D:8)
  5 orc priests
  A jelly (D:6)
  2 bullfrog skeletons (D:6)
  4 iguanas
  6 orc wizards
  2 hound zombies (D:5)
  A hound skeleton (D:4)
  A mummy (D:12)
  19 gnolls
  3 adders
  An adder skeleton (D:4)
  A worm (D:2)
  4 dart slugs
  35 orcs
  4 ball pythons
  9 endoplasms
  2 giant cockroaches
  4 goblins
  7 hobgoblins
  A quokka (D:1)
  5 bats
  A frilled lizard (D:1)
  7 kobolds
  6 rats
  A spectral kobold (D:1)
262 creatures vanquished.

Vanquished Creatures (others)
  A jelly (D:8)
  2 fungi (Lair:1)
  A plant (Lair:1)
4 creatures vanquished.

Grand Total: 266 creatures vanquished

Notes
Turn   | Place    | Note
-------+----------+-------------------------------------------
     0 | D:1      | Infinimo the Ogre Gladiator began the quest for the Orb.
     0 | D:1      | Reached XP level 1. HP: 22/22 MP: 1/1
   430 | D:1      | Reached XP level 2. HP: 26/31 MP: 2/2
   532 | D:1      | Found a faded altar of an unknown god.
  1049 | D:1      | Reached XP level 3. HP: 33/36 MP: 3/3
  3060 | D:3      | Found an ancient bone altar of Kikubaaqudgha.
  3060 | D:3      | Found an iron altar of Okawaru.
  3162 | D:3      | Became a worshipper of Warmaster Okawaru
  3551 | D:3      | Reached XP level 4. HP: 42/45 MP: 4/4
  3958 | D:3      | Reached XP level 5. HP: 50/54 MP: 5/5
  5225 | D:4      | Reached XP level 6. HP: 51/63 MP: 6/6
  5301 | D:4      | Found a radiant altar of Vehumet.
  5467 | D:4      | Reached * piety under Okawaru
  5468 | D:4      | Reached skill level 5 in Fighting
  5468 | D:4      | Reached skill level 5 in Maces & Flails
  5482 | D:4      | Noticed a necrophage
  5492 | D:4      | Killed a necrophage
  5493 | D:4      | Reached XP level 7. HP: 69/72 MP: 7/7
  5569 | D:4      | Found a hazy altar of Hepliaklqana.
  5971 | D:5      | Entered Level 5 of the Dungeon
  6453 | D:5      | Reached ** piety under Okawaru
  6799 | D:5      | Found a staircase to the Ecumenical Temple.
  7158 | D:5      | Reached XP level 8. HP: 83/83 MP: 8/8
  7333 | D:5      | Reached skill level 5 in Dodging
  7975 | D:6      | Noticed a gargoyle
  7997 | D:5      | Killed a gargoyle
  8405 | D:6      | Reached *** piety under Okawaru
  8406 | D:6      | Reached XP level 9. HP: 94/94 MP: 9/9
  8722 | D:6      | Found Naepry's Assorted Antiques.
  9099 | D:6      | Bought an amethyst potion for 27 gold pieces
  9099 | D:6      | Bought 2 fizzy yellow potions for 54 gold pieces
  9099 | D:6      | Bought a scroll labelled KAORHA JETUI for 30 gold pieces
  9412 | D:7      | Noticed Joseph
  9432 | D:7      | Killed Joseph
  9723 | D:7      | Noticed Maggie
  9732 | D:7      | Killed Maggie
  9732 | D:7      | Reached **** piety under Okawaru
 10149 | D:7      | Found a runed translucent door.
 10149 | D:7      | Noticed Esteco1's ghost (novice MiFi)
 10605 | D:7      | Found a bloodstained altar of Trog.
 10773 | D:7      | Killed Esteco1's ghost
 10774 | D:7      | Reached skill level 1 in Armour
 10774 | D:7      | Reached XP level 10. HP: 94/109 MP: 10/10
 11232 | D:8      | Reached skill level 10 in Maces & Flails
 11427 | D:8      | Noticed a two-headed ogre
 11433 | D:8      | Killed a two-headed ogre
 11433 | D:8      | Reached ***** piety under Okawaru
 11434 | D:8      | Reached skill level 10 in Fighting
 11956 | D:8      | Noticed Psyche
 11963 | D:8      | Paralysed by something for 6 turns
 12147 | D:8      | Killed Psyche
 12202 | D:8      | Found Nusyub's Weapon Shop.
 12221 | D:8      | Received a gift from Okawaru
 12374 | D:8      | Noticed a centaur warrior
 12514 | D:8      | Found a burning altar of Makhleb.
 12620 | D:9      | Noticed Maurice
 12942 | D:8      | Identified the +0 hat "Daocaah" {rElec} (Okawaru gifted it
                  | to you on level 8 of the Dungeon)
 12942 | D:8      | Received a gift from Okawaru
 13146 | D:9      | Noticed Harold
 13755 | D:9      | Reached XP level 11. HP: 105/120 MP: 11/11
 14170 | D:9      | Killed Harold
 14183 | D:9      | Paralysed by Maurice for 5 turns
 14191 | D:9      | Paralysed by something for 3 turns
 14216 | D:9      | Found a sparkling altar of Nemelex Xobeh.
 14699 | D:9      | Killed Maurice
 15545 | D:10     | Entered Level 10 of the Dungeon
 15588 | D:10     | Noticed a sixfirhy
 16379 | D:10     | Found a staircase to the Orcish Mines.
 16638 | D:10     | Noticed a two-headed ogre
 17179 | D:10     | Reached skill level 5 in Armour
 17185 | D:10     | Killed a two-headed ogre
 17344 | D:10     | Identified the +3 ring mail of Mumblety Peg {rPois Stlth+}
 18086 | D:11     | Noticed Urug
 18105 | D:11     | Killed Urug
 18243 | D:11     | Found a staircase to the Lair.
 18304 | D:11     | Identified the +1 steam dragon scales of Okawaru's Hope
                  | {Stlth+} (Okawaru gifted it to you on level 11 of the
                  | Dungeon)
 18304 | D:11     | Received a gift from Okawaru
 18355 | D:11     | Reached XP level 12. HP: 28/133 MP: 12/12
 19352 | Lair:1   | Entered Level 1 of the Lair of Beasts
 19405 | Lair:1   | Noticed a seven-headed hydra
 20067 | D:12     | Noticed a seven-headed hydra
 20067 | D:12     | Noticed a two-headed ogre
 20075 | D:12     | Killed a seven-headed hydra
 20075 | D:12     | Noticed Josephine
 20082 | D:12     | Killed a two-headed ogre
 20089 | D:12     | Killed Josephine
 20572 | D:12     | Found a runed translucent gate.
 20572 | D:12     | Found a runed translucent gate.
 20572 | D:12     | Found a runed translucent gate.
 20575 | D:12     | Noticed Ornithology's ghost (journeyman TeAE)
 20596 | D:12     | Found a snail-covered altar of Cheibriados.
 20651 | D:12     | Noticed a centaur warrior
 20659 | D:12     | Killed a centaur warrior
 20674 | D:12     | Slain by a slime creature

Illustrated notes

Levels and vault maps discovered:
D:1:      amcnicky_arrival_single_pillar, layout_loops_ring,
          dreamdust_ecumenical_altar_drowned_temple, st_stairs_3,
          nrook_mini_vaults, lemuel_flame_loot_1
D:2:      layout_basic, roderic_three_in_a_row
D:3:      layout_loops_corners, gammafunk_temple_overflow_statue,
          mrwooster_statue_mirror
D:4:      layout_loops_ring, mainiacjoe_overflow_catch_the_wave,
          columned_hall_lemuel
D:5:      layout_rooms, minmay_temple_entry_water_ring,
          chequers_decorated_corner, chequers_serial_rivers_micro_d
D:6:      layout_rooms, serial_shops, nicolae_shop_waterfront
D:7:      layout_loops_ring, marbit_many_paths, gammafunk_ghost_grave,
          uniq_joseph, uniq_maggie
D:8:      layout_rooms, lightli_temple_of_fire, serial_shops, shop_statue,
          kennysheep_island_fort, uniq_psyche
D:9:      layout_cross, nemelex_xobeh_ov_fountains_minmay,
          chequers_serial_rivers_micro_a, uniq_harold, uniq_maurice
D:10:     layout_rooms, minmay_orc_entry_guard_dogs, special_room
          [special_room_orc], kennysheep_kite_vault
D:11:     layout_basic, lair_entry_dummy, uniq_urug
D:12:     layout_basic, ebering_ghost_rock_garden, gauntlet_entry_generic,
          slow_altar_2, uniq_josephine
Lair:1:   layout_regular_city, beast_lair_carwin_1, infiniplex_staircase_pool,
          grunt_megastairs_1

Skill      XL: |  1  2  3  4  5  6  7  8  9 10 11 12 |
---------------+-------------------------------------+-----
Fighting       | 3 4 5 6 7 9 11 12 13 | 13.4
Maces & Flails | 3 4 5 6 7 9 11 12 13 | 13.5
Dodging        | 3 4 5 6 |  6.7
Armour         | 1 3 5 6 |  6.3
Throwing       | |  2.0

Action                   |  1- 3 |  4- 6 |  7- 9 | 10-12 || total
-------------------------+-------+-------+-------+-------++-------
Melee: Flail             |   107 |    91 |   259 |   410 ||   867
       Punch             |     3 |     1 |     5 |     8 ||    17
       Eveningstar       |       |       |       |    94 ||    94
Throw: Boomerang         |       |    10 |       |     2 ||    12
       Dart              |       |     3 |       |     9 ||    12
       Throwing net      |       |     2 |       |       ||     2
Evoke: Wand              |       |       |     8 |     5 ||    13
  Use: Scroll            |     3 |     2 |     6 |    11 ||    22
       Potion            |       |       |     6 |     8 ||    14
 Stab: Sleeping          |     2 |       |       |       ||     2
Armor: Robe              |    31 |    17 |    42 |       ||    90
       Skin              |       |       |    20 |     6 ||    26
       Swamp dragon scal |       |       |     1 |   182 ||   183
       Steam dragon scal |       |       |       |    16 ||    16
Dodge: Dodged            |    56 |    38 |    98 |   306 ||   498
